Map: New Repugnancy LE

Players

Serral - Winner!

  • Race: Zerg Zerg
  • League: Grandmaster
  • Spawn Location: 1:00

ZhuGeLiang

  • Race: Zerg Zerg
  • League: Grandmaster
  • Spawn Location: 7:00

Event: 2019 Assembly Summer

VOD

Have the link to the VOD?

Description

Time

  • Played on: Aug. 1, 2019, 5:31 a.m.
  • Length: 12:47

All games in this series

Show
View Real Time Build Order
Export as new Build Order

Serral Zerg - Winner!

Build Orders: Hatch First, Zergling Baneling 

Get SALT Encoding   

  12  0:00  Drone  
  13  0:08  Drone  
  14  0:16  Overlord  
  14  0:22  Extractor  
  14  0:23  Drone  
  16  0:35  Drone x2  
  17  0:51  Hatchery  
  17  0:54  Drone  
  17  0:57  Drone  
  17  1:01  Extractor  
  17  1:13  Spawning Pool  
  17  1:16  Drone  
  17  1:19  Drone  
  18  1:28  Drone  
  19  1:38  Overlord  
  19  1:49  Drone  
  20  1:58  Drone  
  20  1:59  Queen  
  23  2:02  Metabolic Boost  
  23  2:03  Queen  
  23  2:07  Zergling x2  
  26  2:10  Drone  
  26  2:14  Drone  
  28  2:21  Drone  
  29  2:25  Drone  
  30  2:36  Hatchery  
  29  2:37  Drone  
  29  2:40  Drone  
  31  2:49  Baneling Nest  
  31  2:50  Zergling x4  
  32  2:56  Overlord  
  32  3:02  Drone  
  34  3:05  Drone  
  34  3:07  Zergling x4  
  36  3:18  Zergling x12  
  42  3:30  Overlord  
  42  3:34  Drone  
  42  3:36  Drone  
  44  3:48  Drone  
  44  3:49  Drone x2  
  44  3:54  Zergling x6  
  48  3:56  Drone  
  48  3:57  Drone  
  48  3:58  Drone  
  51  4:08  Drone x2  
  51  4:09  Queen  
  50  4:13  Baneling x2  
  52  4:18  Overlord, Extractor  
  52  4:19  Drone x3  
  52  4:20  Roach Warren  
  52  4:21  Evolution Chamber, Zergling x2  
  52  4:23  Baneling x4  
  53  4:28  Zergling x6  
  56  4:38  Overlord  
  56  4:39  Drone x3  
  56  4:42  Drone x2  
  61  4:48  Zerg Missile Weapons Level 1  
  61  4:49  Overlord  
  61  4:50  Drone  
  59  4:53  Baneling x2  
  59  4:54  Baneling x2  
  59  4:57  Queen  
  61  5:01  Zergling x2  
  61  5:02  Zergling x2  
  61  5:03  Drone  
  64  5:08  Drone x3  
  65  5:15  Overlord  
  64  5:22  Drone x2  
  64  5:23  Drone  
  64  5:26  Zergling x4  
  64  5:27  Overlord  
  69  5:30  Roach x2  
  73  5:35  Extractor  
  72  5:43  Drone  
  72  5:44  Drone x3  
  72  5:48  Roach x2  
  72  5:49  Roach x3  
  84  5:56  Roach x2  
  88  5:58  Roach  
  88  6:04  Overlord, Spine Crawler  
  89  6:05  Roach x3, Spine Crawler  
  94  6:12  Baneling x4  
  94  6:14  Zergling x6  
  93  6:29  Roach x5, Zergling x6  
  78  6:40  Roach x5, Zergling x10  
  78  6:46  Roach  
  87  6:53  Roach x3  
  91  7:00  Roach  
  89  7:03  Roach x2  
  83  7:10  Queen x2  
  83  7:12  Roach x2  
  90  7:18  Zergling x2  
  89  7:24  Lair  
  89  7:25  Drone  
  89  7:26  Zergling x4  
  92  7:42  Overlord  
  92  7:46  Drone x5, Queen  
  92  7:48  Extractor  
  98  7:57  Drone  
  98  7:58  Drone x2  
  101  8:01  Baneling x4  
  102  8:05  Drone x2  
  102  8:11  Baneling  
  103  8:14  Drone  
  103  8:16  Extractor  
  103  8:21  Baneling, Overlord  
  103  8:23  Glial Reconstitution  
  103  8:24  Zerg Missile Weapons Level 2  
  103  8:25  Overseer  
  103  8:29  Overlord  
  103  8:30  Drone x3  
  103  8:31  Roach x4  
  103  8:34  Overseer  
  114  8:35  Overlord  
  114  8:40  Roach x2  
  118  8:47  Overlord  
  118  8:48  Roach  
  118  8:49  Roach  
  118  8:53  Roach x2  
  118  8:54  Roach x2  
  130  8:57  Overlord  
  130  9:00  Ravager x2  
  132  9:02  Overlord  
  132  9:03  Overlord  
  132  9:11  Overseer  
  132  9:16  Roach  
  144  9:17  Roach x5  
  144  9:21  Ravager  
  144  9:22  Overlord x2, Ravager  
  146  9:28  Pneumatized Carapace  
  146  9:30  Drone x2, Extractor  
  146  9:31  Drone  
  148  9:33  Ravager  
  148  9:36  Overlord  
  149  9:39  Overseer  
  149  9:40  Roach  
  149  9:42  Overlord x2  
  151  9:46  Roach x2  
  151  9:51  Roach x3  
  161  9:57  Overlord x2  
  161  10:02  Roach x2  
  161  10:04  Ravager x2  
  157  10:15  Roach x6  
  157  10:19  Roach x2  
  154  10:24  Roach x2  
  154  10:25  Overseer  
  140  10:30  Roach x2  
  140  10:34  Roach  
  140  10:35  Roach  
  143  10:39  Drone  
  144  10:43  Ravager x2  
  144  10:49  Hatchery  
  145  10:56  Roach x5  
  155  11:03  Roach x3  
  161  11:08  Ravager  
  161  11:09  Ravager  
  161  11:10  Roach x2  
  167  11:17  Roach x4  
  173  11:23  Roach x2  
  173  11:24  Ravager  
  178  11:29  Roach  
  178  11:30  Roach x2  
  184  11:39  Roach x2  
  177  11:55  Roach x7  
  177  12:01  Roach x2  
  191  12:07  Ravager x2  
  193  12:09  Ravager  
  193  12:10  Roach x2  
  198  12:19  Roach  
  200  12:23  Overseer  
  200  12:24  Hydralisk Den  
Show
View Real Time Build Order
Export as new Build Order

ZhuGeLiang Zerg 

Build Orders: Hatch First 

Get SALT Encoding   

  12  0:00  Drone  
  13  0:12  Overlord  
  13  0:17  Drone  
  14  0:30  Drone x2  
  16  0:48  Hatchery  
  15  0:51  Drone  
  15  0:55  Drone  
  17  0:58  Drone  
  18  1:08  Extractor  
  17  1:14  Spawning Pool  
  17  1:16  Drone  
  17  1:20  Drone  
  18  1:28  Drone  
  19  1:38  Drone  
  20  1:49  Drone  
  21  2:00  Overlord, Queen x2  
  25  2:01  Drone  
  25  2:08  Metabolic Boost  
  26  2:10  Drone  
  26  2:12  Drone  
  28  2:22  Zergling x4  
  30  2:32  Drone  
  30  2:33  Drone  
  32  2:39  Hatchery  
  32  2:43  Drone  
  32  2:47  Baneling Nest  
  32  2:49  Overlord  
  31  2:54  Drone  
  31  2:56  Drone  
  33  3:05  Zergling x4  
  35  3:09  Zergling x6  
  35  3:10  Zergling x2  
  35  3:12  Zergling x2  
  40  3:16  Overlord  
  41  3:20  Drone x2  
  41  3:33  Baneling x2  
  41  3:37  Drone x2  
  43  3:41  Zergling x6  
  43  3:42  Zergling x2  
  43  3:43  Queen  
  45  3:58  Zergling x6  
  45  3:59  Zergling x6  
  49  4:10  Drone  
  49  4:11  Drone x2  
  49  4:14  Drone x4  
  49  4:15  Overlord  
  49  4:16  Drone x2  
  58  4:24  Overlord  
  58  4:30  Extractor  
  58  4:31  Drone, Extractor  
  58  4:32  Drone, Roach Warren  
  57  4:41  Drone x4  
  57  4:44  Overlord  
  57  4:45  Drone  
  61  4:49  Overlord x2  
  52  5:15  Roach x2  
  52  5:16  Roach x6  
  52  5:21  Roach  
  70  5:25  Roach x3  
  76  5:31  Roach x4  
  76  5:34  Overlord  
  84  5:40  Zergling x8  
  88  5:45  Ravager x3  
  88  5:47  Ravager  
  88  5:49  Zergling x6  
  86  5:55  Zergling x4  
  86  5:56  Zergling x2  
  89  5:59  Zergling x4  
  89  6:02  Zergling x2  
  89  6:03  Zergling x2  
  93  6:05  Zergling x2  
  93  6:06  Zergling x2  
  95  6:13  Baneling x4  
  93  6:26  Ravager  
  93  6:28  Zergling x18  
  93  6:36  Zergling x10  
  92  6:43  Ravager x2  
  90  6:47  Zergling x10  
  90  6:50  Ravager  
  90  6:51  Ravager  
  88  7:06  Zergling x4  
  88  7:07  Drone x3  
  74  7:11  Drone x8  
  78  7:19  Drone x3, Evolution Chamber  
  78  7:21  Drone  
  81  7:33  Roach x4  
  89  7:40  Drone, Lair  
  89  7:41  Drone  
  91  7:44  Extractor  
  91  7:45  Zerg Missile Weapons Level 1  
  91  7:46  Drone x3  
  91  7:50  Drone x2  
  91  7:51  Drone  
  96  7:52  Drone  
  95  8:00  Roach x4  
  103  8:07  Roach x2, Spine Crawler  
  105  8:13  Overlord x3  
  103  8:28  Overlord  
  103  8:31  Roach x2  
  103  8:33  Roach x7  
  121  8:35  Overlord  
  121  8:39  Glial Reconstitution  
  121  8:40  Ravager x2  
  121  8:41  Overlord  
  124  8:43  Overlord x3  
  124  8:49  Roach  
  124  8:50  Roach x2  
  130  8:59  Roach x5  
  140  9:08  Roach x4  
  148  9:13  Roach x2  
  152  9:19  Roach x4  
  152  9:22  Roach x2  
  152  9:23  Overlord  
  152  9:24  Overlord x2  
  164  9:33  Roach x4  
  172  9:40  Roach  
  172  9:41  Roach, Extractor  
  175  9:46  Roach x2  
  175  9:47  Roach x3  
  175  9:51  Roach  
  175  9:52  Roach  
  188  9:55  Roach  
  188  9:58  Hatchery  
  189  10:02  Roach x3  
  189  10:04  Roach  
  189  10:06  Roach  
  177  10:18  Roach x6  
  154  10:25  Roach x3  
  154  10:26  Roach  
  137  10:31  Roach  
  137  10:32  Roach x2  
  133  10:36  Roach  
  133  10:39  Extractor  
  133  10:40  Roach x2  
  133  10:41  Roach  
  140  10:52  Roach  
  142  10:59  Roach x3  
  142  11:00  Roach  
  150  11:06  Roach x4  
  158  11:18  Roach x7  
  170  11:26  Ravager  
  170  11:28  Roach x4  
  181  11:32  Roach  
  181  11:33  Roach x2  
  181  11:38  Overseer  
  185  11:41  Roach  
  185  11:42  Roach x2, Overlord x2  
  189  11:56  Overlord x3  
  185  12:04  Overlord  
  181  12:17  Roach x7  
  181  12:21  Ravager x2  
  181  12:22  Ravager x3  
  195  12:23  Roach x2  
Tags
 
Add a new tag
Caveats
  • Supply blocks, unpowered buildings, or Contaminate may cause inaccurate times.
  • Supply counts are checked every 10 seconds.